 Dungeon Crawl Stone Soup version 0.31-a0-1-g4198be8af4 (webtiles) character file.

Game seed: 14551365131560825669

3900 Ahpoh the Carver (level 10, -1/53 HPs)
             Began as a Vine Stalker Monk on May 2, 2023.
             Was an Elder of Okawaru.
             Slain by Erica
             ... wielding a +1 scimitar of flaming
              (5 damage)
             ... on level 8 of the Dungeon.
             The game lasted 00:20:52 (6924 turns).

Ahpoh the Carver (Vine Stalker Monk)                Turns: 6924, Time: 00:20:53

Health: -1/53      AC: 12    Str: 13    XL:     10   Next: 20%
Magic:  0/11       EV: 18    Int:  8    God:    Okawaru [****..]
Gold:   287        SH:  0    Dex: 22    Spells: 9/9 levels left

rFire   + . .        x - +2 great sword
rCold   . . .        (shield currently unavailable)
rNeg    . . .        B - +0 acid dragon scales
rPois   +            (no helmet)
rElec   .            (no cloak)
rCorr   +            (no gloves)
SInv    .            (no boots)
Will    +....        (no amulet)
Stlth   +++          e - +4 ring of protection
HPRegen 1.08/turn    (no ring)
MPRegen 0.12/turn

%: guardian spirit
@: heroic
A: fangs 3, regeneration 1, magic shield, antimagic bite, no potion heal 2,
dopey 1, fire resistance 1, sense surroundings 1, poison resistance
a: Renounce Religion, Heroism, Finesse


You were on level 8 of the Dungeon.
You worshipped Okawaru.
Okawaru was greatly pleased with you.
You visited 2 branches of the dungeon, and saw 10 of its levels.

You collected 287 gold pieces.

Inventory:

Hand Weapons
 x - a +2 great sword (weapon)
Missiles
 n - 9 boomerangs (quivered)
Armour
 d - an orb of light
 B - +0 acid dragon scales (worn)
Jewellery
 b - a +6 ring of dexterity
 e - a +4 ring of protection (left hand)
Wands
 A - a wand of quicksilver (2)
 C - a wand of flame (19)
Scrolls
 a - a scroll of poison
 g - 4 scrolls of fog {unknown}
 h - 4 scrolls of vulnerability
 i - a scroll of silence
 j - a scroll of torment {unknown}
 k - 4 scrolls of enchant weapon {unknown}
 m - 3 scrolls of teleportation
 u - a scroll of immolation
 w - a scroll of brand weapon {unknown}
 y - 2 scrolls of fear {unknown}
 z - 2 scrolls of identify
Potions
 c - 2 potions of ambrosia
 f - a potion of degeneration {unknown}
 l - 2 potions of flight
 o - 2 potions of cancellation
 p - a potion of invisibility {unknown}
 q - a potion of mutation
 r - a potion of haste {unknown}
 s - a potion of heal wounds {unknown}
 t - 2 potions of curing
 v - 2 potions of brilliance {unknown}


   Skills:
 + Level 5.6(10.6) Fighting
 + Level 10.2(15.2) Long Blades
 + Level 1.6(6.6) Throwing
 + Level 5.1(10.1) Armour
 + Level 4.0(9.0) Dodging
 + Level 1.6(6.6) Stealth
 + Level 0.6 Invocations


You had 9 spell levels left.
You didn't know any spells.
Your spell library contained the following spells:

 Spells                   Type           Power      Damage    Failure   Level
 Sandblast                Erth           0%         2d4       52%         1
 Passwall                 Tmut/Erth      0%         N/A       65%         2
 Frozen Ramparts          Ice            0%         1d1       87%         3
 Portal Projectile        Hex/Tloc       0%         N/A       87%         3
 Stone Arrow              Conj/Erth      0%         3d7       87%         3
 Ice Form                 Ice/Tmut       0%         N/A       99%         4
 Leda's Liquefaction      Hex/Erth       0%         N/A       99%         4
 Call Canine Familiar     Summ           Unusable   N/A       N/A         3
 Summon Ice Beast         Ice/Summ       Unusable   N/A       N/A         4

Dungeon Overview and Level Annotations

Branches:
Dungeon (9/15)             Temple (1/1) D:5            Lair (0/5) D:8
    Orc: D:9-12

Altars:
Ashenzari
Cheibriados
Dithmenos
Fedhas
Gozag
Hepliaklqana
Kikubaaqudgha
Makhleb
Nemelex Xobeh
Okawaru
Qazlal
Ru
Sif Muna
Trog
Uskayaw
Vehumet
Wu Jian
Xom
Yredelemnul
Zin
The Shining One

Annotations:
D:8 Erica


Innate Abilities, Weirdness & Mutations

You have razor-sharp teeth.
Your natural rate of healing is unusually fast.
When hurt, damage is shared between your health and your magic reserves.
Your bite disrupts and absorbs the magic of your enemies.
Potions cannot restore your health.
You are dopey. (Int -2)
Your flesh is heat resistant. (rF+)
You passively map a small area around you.
Your system is resistant to poisons. (rPois)


Message History

You feel very sick.
You feel sick.
You feel sick.
You feel less confused.
You feel sick.
You hear some strange, mumbled words.
Something tries to affect you, but you resist.
You feel sick. Something hits you but does no damage.
You climb upwards.
Reactivating autopickup.
You feel sick.
There is a stone staircase leading down here.
You gain the combat prowess of a mighty hero.
You feel sick. Something closely misses you.
Deactivating autopickup; reactivate with Ctrl-A.
You barely miss something. Your bite misses something.
You hear some strange, mumbled words.
A lance of force appears from out of thin air!
The lance of force hits you!!
You are knocked back by the lance of force.
You slam into the rock wall!
You feel sick.
You are no longer poisoned.
You completely miss something. Your bite misses something.
Something barely misses you.
You closely miss something. Something hits you!
* * * LOW HITPOINT WARNING * * *
Something burns you.
* * * LOW HITPOINT WARNING * * *
You miss something. You bite something! You drain its magic.
You feel invigorated. Something hits you.
* * * LOW HITPOINT WARNING * * *
You fail to use your ability.
Something hits you!
* * * LOW HITPOINT WARNING * * *
Something burns you.
* * * LOW HITPOINT WARNING * * *
You miss something. Something hits you.
* * * LOW HITPOINT WARNING * * *
You slice something!! Something hits you.
You die...

......# #.........#...)......#.#
......# #.........#..).......#..
.....## #.........#..........##.
.....# #...................###.
.....# #.......................
.....# #...................####
.....# #.........#.........# #
.....# ######..{.....####### #
###### ###.@.####.# # ######
#.....# #.# ######## ##...#
#.#...# #.# #......# ##...#
#.....# #.# #......#
##...########.....####.# #......#
##..........#......)##.###(......
##..........##....#.#...........#
####.[......##....#.#####........
####........#######.#...#.#.#####


There were no monsters in sight!

Vanquished Creatures
  A two-headed ogre (D:8)
  An elephant (D:8)
  A troll (D:6)
  A wyvern (D:8)
  A yak (D:8)
  A steam dragon (D:8)
  An acid dragon (D:8)
  An ice beast (D:7)
  An orc warrior (D:7)
  2 sky beasts
  2 ogres
  2 black bears (D:8)
  2 centaurs
  A kobold brigand (D:8)
  2 bullfrogs
  4 scorpions
  3 wights (D:6)
  5 killer bees (D:8)
  A hound (D:6)
  2 jellies
  4 orc priests
  A gnoll bouda (D:7)
  5 orc wizards
  4 gnolls
  8 adders
  3 dart slugs
  29 orcs
  12 endoplasms
  5 giant cockroaches (D:1)
  8 goblins
  3 hobgoblins
  6 jackals
  14 kobolds
  2 quokkas
  5 ball pythons
  4 bats
  4 frilled lizards
  10 rats
162 creatures vanquished.

Vanquished Creatures (others)
  A bush (D:7)
  20 plants
21 creatures vanquished.

Grand Total: 183 creatures vanquished

Notes
Turn   | Place    | Note
-------+----------+-------------------------------------------
     0 | D:1      | Ahpoh the Vine Stalker Monk began the quest for the Orb.
     0 | D:1      | Reached XP level 1. HP: 11/11 MP: 2/2
     1 | D:1      | Found a runed translucent door.
   158 | D:1      | Reached skill level 3 in Long Blades
   158 | D:1      | Reached XP level 2. HP: 11/16 MP: 3/3
   417 | D:1      | Found a faded altar of an unknown god.
   638 | D:1      | Reached XP level 3. HP: 16/20 MP: 4/4
   777 | D:2      | Gained mutation: Your natural rate of healing is unusually
                  | fast. [Vine Stalker growth]
   777 | D:2      | Reached XP level 4. HP: 20/24 MP: 3/5
   828 | D:2      | Found a glowing silver altar of Zin.
  1353 | D:2      | Reached skill level 1 in Armour
  1696 | D:3      | Noticed a sky beast
  1698 | D:3      | Reached XP level 5. HP: 28/28 MP: 6/6
  1707 | D:3      | Killed a sky beast
  1708 | D:3      | Reached skill level 4 in Long Blades
  2012 | D:3      | Found a blossoming altar of Fedhas.
  2396 | D:4      | Found a shimmering altar of Xom.
  2396 | D:4      | Found a snail-covered altar of Cheibriados.
  2397 | D:4      | Found an ancient bone altar of Kikubaaqudgha.
  2413 | D:4      | Reached XP level 6. HP: 32/32 MP: 7/7
  2562 | D:4      | Found a hide-covered altar of Uskayaw.
  2779 | D:5      | Entered Level 5 of the Dungeon
  3052 | D:5      | Found a staircase to the Ecumenical Temple.
  3059 | D:5      | Reached skill level 5 in Long Blades
  3079 | Temple   | Entered the Ecumenical Temple
  3119 | Temple   | Became a worshipper of Warmaster Okawaru
  3119 | Temple   | Reached * piety under Okawaru
  3119 | Temple   | Reached ** piety under Okawaru
  3428 | D:5      | Found a shadowy altar of Dithmenos.
  3526 | D:5      | Reached XP level 7. HP: 18/36 MP: 8/8
  4071 | D:6      | Noticed a troll
  4082 | D:6      | Killed a troll
  4083 | D:6      | Reached skill level 6 in Long Blades
  4083 | D:6      | Reached skill level 1 in Stealth
  4415 | D:6      | Gained mutation: You have razor-sharp teeth. [Vine Stalker
                  | growth]
  4415 | D:6      | Reached XP level 8. HP: 36/42 MP: 7/9
  4470 | D:6      | Gained mutation: You passively map a small area around you.
                  | [potion of mutation]
  4470 | D:6      | Gained mutation: Your flesh is heat resistant. (rF+)
                  | [potion of mutation]
  4470 | D:6      | Gained mutation: You are dopey. (Int -2) [potion of
                  | mutation]
  4470 | D:6      | Gained mutation: Your system is resistant to poisons.
                  | (rPois) [potion of mutation]
  4971 | D:7      | Found an opulent altar of Gozag.
  5003 | D:7      | Reached skill level 7 in Long Blades
  5314 | D:7      | Identified the +5 ring mail "Fikach" {rC+ rN+ SInv}
  5588 | D:7      | Reached *** piety under Okawaru
  5589 | D:7      | Reached skill level 8 in Long Blades
  5589 | D:7      | Reached XP level 9. HP: 29/46 MP: 4/10
  6011 | D:8      | Noticed an elephant
  6012 | D:8      | Found a staircase to the Lair.
  6025 | D:8      | Killed an elephant
  6026 | D:8      | Reached skill level 9 in Long Blades
  6029 | D:8      | Reached skill level 5 in Fighting
  6217 | D:8      | Noticed a two-headed ogre
  6249 | D:8      | Killed a two-headed ogre
  6249 | D:8      | Reached **** piety under Okawaru
  6250 | D:8      | Reached skill level 1 in Throwing
  6250 | D:8      | Reached skill level 5 in Armour
  6250 | D:8      | Reached XP level 10. HP: 33/51 MP: 6/11
  6370 | D:8      | Reached skill level 10 in Long Blades
  6817 | D:9      | Noticed Erica
  6924 | D:8      | Slain by Erica

Illustrated notes

Levels and vault maps discovered:
D:1:      dpeg_arrival_caged_fury, layout_rooms, serial_forest,
          infiniplex_forest_corner_2, infiniplex_forest_lined_ring,
          infiniplex_forest_end_3, infiniplex_forest_lined_3_way,
          infiniplex_forest_lined_ring, infiniplex_forest_corner_1,
          hellmonk_ecumenical_altar_inner_sanctum
D:2:      layout_basic, serial_bayou, serial_bayou_lagoon_a,
          serial_bayou_ford_a, serial_bayou_pond_b, serial_bayou_pond_e,
          basic_altar, lexackson_kobold_supper
D:3:      layout_basic, lemuel_round_altar
D:4:      layout_basic, chequers_temple_overflow_statue_of_worship,
          nicolae_overflow_crystal_walls, due_unseen_surprise
D:5:      layout_cave_pods, nicolae_dithmenos_the_darkroom,
          minmay_temple_entry_large_hall
D:6:      cheibrodos_two_vegetables, layout_loops_ring
D:7:      layout_gridville, grunt_gozag_breadcrumbs, kb_lookout_dungeons_type,
          serial_bayou_crossing
D:8:      layout_basic, david_lair_generic
D:9:      layout_cave_pods, elyvilon_altar_5, jiyva_altar_1, uniq_erica,
          uniq_joseph, uniq_maurice
Temple:   dpeg_chambers_temple

Skill      XL: |  1  2  3  4  5  6  7  8  9 10 |
---------------+-------------------------------+-----
Long Blades    | 3 4 5 6 8 9 10 | 10.2
Fighting       | 3 4 5 |  5.6
Dodging        | 3 4 |  4.0
Armour         | 1 2 4 5 |  5.1
Stealth        | 1 |  1.6
Throwing       | 1 |  1.6
Invocations    | |  0.6

Action                     |  1- 3 |  4- 6 |  7- 9 | 10-12 || total
---------------------------+-------+-------+-------+-------++-------
  Melee: Falchion          |    85 |   109 |     7 |       ||   201
         Bite              |    17 |    38 |    52 |    12 ||   119
         Long sword        |       |       |    65 |       ||    65
         Great sword       |       |       |   121 |    59 ||   180
  Throw: Boomerang         |       |       |    12 |       ||    12
 Invoke: Heroism           |       |       |     4 |     2 ||     6
    Use: Potion            |       |     4 |     2 |     1 ||     7
         Scroll            |       |     6 |     3 |       ||     9
 Armour: Scale mail        |    33 |    28 |   103 |       ||   164
         Robe              |     1 |       |       |       ||     1
         Skin              |       |     6 |       |       ||     6
         Acid dragon scale |       |       |       |    39 ||    39
  Dodge: Dodged            |    42 |    56 |   119 |    82 ||   299

Table legend: (Time is in decaauts)
 A = Elapsed time spent in this place.
 B = Non-inter-level travel time spent in this place.
 C = Inter-level travel time spent in this place.
 D = Time resting spent in this place.
 E = Time spent auto-exploring this place.
 F = Levels seen in this place.
 G = Mean time per level.
                   A        B        C        D        E       F      G
               +--------+--------+--------+--------+--------+-----+--------+
         Total |   7098 |   6860 |    238 |    729 |   4434 |  10 |  709.8 |
       Dungeon |   6868 |   6630 |    238 |    729 |   4249 |   9 |  763.1 |
        Temple |    229 |    229 |      0 |      0 |    185 |   1 |  229.0 |
               +--------+--------+--------+--------+--------+-----+--------+

Top non-repeatable levels by time:
     D:6: 1225 daAuts
     D:7: 1058 daAuts
     D:8: 968 daAuts
     D:2: 932 daAuts
     D:5: 758 daAuts
     D:3: 728 daAuts
     D:1: 715 daAuts
     D:4: 454 daAuts
  Temple: 229 daAuts
     D:9: 28 daAuts
